 Dungeon Crawl Stone Soup version 0.31-a0-1-g4198be8af4 (webtiles) character file.

Game seed: 17213440110938712768

569 scionoferis the Cudgeller (level 7, -9/62 HPs)
             Began as a Ghoul Berserker on May 1, 2023.
             Was a Believer of Trog.
             Killed by divine providence
             ... invoked by an orc priest
              (14 damage)
             ... on level 4 of the Dungeon.
             The game lasted 00:08:14 (4089 turns).

scionoferis the Cudgeller (Ghoul Berserker)         Turns: 4089, Time: 00:08:14

Health: -9/62      AC: 10    Str: 20    XL:     7   Next: 33%
Magic:  6/6        EV: 10    Int:  3    God:    Trog [**....]
Gold:   128        SH:  5    Dex: 10    Spells: 6/6 levels left

rFire   . . .        a - +0 flail
rCold   + . .        (no shield)
rNeg    + + +        d - +0 scale mail
rPois   ∞            k - +0 helmet
rElec   .            (no cloak)
rCorr   .            (no gloves)
SInv    .            p - +2 pair of boots
Will    ++...        t - amulet of reflection Stlth
                     (no ring)
HPRegen 1.00/turn    (no ring)
MPRegen 0.10/turn

%: reflection
@: strong-willed, regenerating
A: claws 1, cold resistance 1, negative energy resistance 3, inhibited
regeneration, torment resistance 2, devour on kill
a: Renounce Religion, Trog's Hand


You were on level 4 of the Dungeon.
You worshipped Trog.
Trog was pleased with you.
You visited 1 branch of the dungeon, and saw 5 of its levels.

You collected 128 gold pieces.


Innate Abilities, Weirdness & Mutations

You are immune to poison.
You have sharp fingernails.
Your flesh is cold resistant. (rC+)
You are immune to negative energy. (rN+++)
You do not regenerate when monsters are visible.
You are immune to unholy pain and torment.
You thrive by killing the living.


   Skills:
 + Level 5.7 Fighting
 * Level 6.3 Maces & Flails
 - Level 1.7 Armour
 - Level 1.7 Dodging


You had 6 spell levels left.
You didn't know any spells.
Your spell library was empty.

Inventory:

Hand Weapons
 a - a +0 flail (weapon)
   (You took it off an orc on level 5 of the Dungeon)
Missiles
 j - 27 poisoned darts (quivered)
 y - a throwing net
Armour
 d - a +0 scale mail (worn)
   (You found it on level 1 of the Dungeon)
 k - a +0 helmet (worn)
   (You found it on level 2 of the Dungeon)
 p - a +2 pair of boots (worn)
   (You found it on level 2 of the Dungeon)
Jewellery
 h - an amulet of the acrobat
   (You found it on level 1 of the Dungeon)
 t - an amulet of reflection (around neck)
   (You found it on level 3 of the Dungeon)
Scrolls
 e - a scroll of immolation {unknown}
 f - a scroll of enchant armour {unknown}
 i - a scroll of noise {unknown}
 l - a scroll of blinking {unknown}
 m - a scroll of fear {unknown}
 o - a scroll of poison {unknown}
 w - 2 scrolls of identify {unknown}
 A - 2 scrolls of magic mapping {unknown}
 B - a scroll of teleportation {unknown}
Potions
 b - a potion of might {unknown}
 c - 4 potions of curing {unknown}
 g - a potion of lignification {unknown}
 n - a potion of mutation {unknown}
 q - a potion of ambrosia {unknown}
 r - a potion of invisibility {unknown}
 s - a potion of brilliance {unknown}
 u - a potion of haste {unknown}
 v - 2 potions of heal wounds {unknown}
 x - a potion of resistance {unknown}
 z - a potion of berserk rage {unknown}

Dungeon Overview and Level Annotations

Branches:
Dungeon (5/15)             Temple (0/1) D:4

Altars:
Dithmenos
Kikubaaqudgha

Shops:
D:1 =

Annotations:
D:2 Sigmund
D:3 flight

#......##.8.8.8.........o......
...##...#..⌠.⌠.................
...###.##.8.>.8................
...........⌠.⌠..#....)##....#
.......#..8.8.8.#..##S##..#
......###.......#..##o#o..##
.......##......o...........#
.......###.....S##.......###
.........†...#.o@##...####
........#...##..{##.....#
.....#.##...#...)o.....## ...
#. ##..###.......## . # ####
#####.### ###


You could see an orc priest, an adder and 2 orcs.


Message History

You open the door.
There is an open door here.
You open the door.
There is an open door here.
There is an open door here.
u - a white potion
Found an ancient bone altar of Kikubaaqudgha.
v - 2 glowing sapphire potions A goblin comes into view.
It is wielding a +0 dagger.
The goblin unwields a +0 dagger.
The goblin wields a +0 sling.
The goblin shoots a sling bullet.
The sling bullet barely misses you.
The goblin shoots a sling bullet.
The sling bullet misses you.
The goblin shoots a sling bullet.
The sling bullet misses you.
The goblin unwields a +0 sling.
The goblin wields a +0 dagger.
The goblin closely misses you.
You barely miss the goblin. The goblin hits you but does no damage.
You barely miss the goblin. The goblin closely misses you.
You hit the goblin.
The goblin is severely wounded.
The goblin closely misses you. The goblin completely misses you.
You barely miss the goblin.
The goblin is severely wounded.
The goblin closely misses you.
You hit the goblin.
You kill the goblin!
Trog accepts your kill.
No target in view!
Things that are here:
a +0 dagger; a +0 sling; a goblin corpse
Found a robe.
You see here a +0 robe.
You see here a +0 dagger.
You open the door.
There is an open door here.
You now have 128 gold pieces (gained 7).
You open the door.
There is an open door here.
There is an open door here.
There is an open door here.
There is an open door here.
You open the door.
There is an open door here.
You open the door.
There is an open door here.
You open the door.
There is an open door here.
There is an open door here.
You open the door.
There is an open door here.
As you open the door, it creaks loudly!
There is an open door here.
You open the door.
There is an open door here.
You see here a +0 ring mail.
You open the door.
Found 3 stones.
There is an open door here.
You open the door.
Found a stone staircase leading up.
There is an open door here.
As you open the door, it creaks loudly!
There is an open door here.
You open the door.
A quokka comes into view.
The quokka barely misses you.
You closely miss the quokka. The quokka barely misses you.
You barely miss the quokka.
The quokka bites you but does no damage.
You hit the quokka but do no damage. The quokka barely misses you.
The quokka bites you.
You hit the quokka.
The quokka is severely wounded.
The quokka bites you but does no damage.
You sock the quokka!
You kill the quokka!
Trog accepts your kill.
You feel better.
No target in view!
There is an open door here.
You open the door.
There is an open door here.
You open the door.
There is an open door here.
There is an open door here.
You open the door.
There is an open door here.
You open the door.
There is an open door here.
There is an open door here.
There is an open door here.
There is a stone staircase leading up here.
You open the door.
There is an open door here.
You open the door.
Found a short sword.
There is an open door here.
You see here a +0 short sword.
You open the door.
There is an open door here.
There is a stone staircase leading down here.
You see here a +0 club.
Partly explored, can't reach some places.
Partly explored, can't reach some places.
Search for what [? for help]? branded Unknown command.
Annotate which branch? (. - D:3, ? - help, ! - show branch list) New annotation for D:3 (include '!' for warning): flight
There is an escape hatch in the floor here.
There is a stone staircase leading down here.
You climb downwards.
Found a stone staircase leading up.
There is a stone staircase leading up here.
A dart slug comes into view.
The dart slug launches a dart at you. The slug dart misses you.
You sock the dart slug!
You kill the dart slug!
Trog accepts your kill.
No target in view!
Found a staircase to the Ecumenical Temple.
A worm comes into view.
You sock the worm!
The worm is severely wounded.
You sock the worm!
You kill the worm!
Trog accepts your kill.
No target in view!
A white imp comes into view.
The white imp shouts, "Turn tail, thou craven ill-nurtured zombie-fodder!"
A shadow imp comes into view.
The white imp gestures at you. The puff of frost misses you.
You sock the white imp!
The white imp is almost dead.
The white imp gestures at you. The puff of frost hits you. You resist.
You hit the white imp.
You kill the white imp!
Trog accepts your kill.
A kobold comes into view. It is wielding a +0 short sword.
The kobold shouts!
You hit the shadow imp.
The shadow imp is moderately wounded.
The shadow imp barely misses you.
You sock the shadow imp!
You kill the shadow imp!
Trog accepts your kill.
A quasit comes into view.
The kobold misses you.
You hit the kobold.
You kill the kobold!
Trog accepts your kill. The quasit completely misses you. x3
Things that are here:
a +0 short sword; a kobold corpse You sock the quasit!
The quasit is heavily wounded.
The quasit bites you but does no damage.
The quasit barely misses you. x2
You miss the quasit.
The quasit is heavily wounded.
The quasit bites you but does no damage.
The quasit claws you but does no damage.
The quasit claws you.
The quasit bites you but does no damage.
The quasit claws you but does no damage.
The quasit claws you.
You closely miss the quasit.
The quasit is heavily wounded.
The quasit bites you but does no damage.
The quasit claws you but does no damage. x2
You closely miss the quasit.
The quasit is heavily wounded.
The quasit bites you but does no damage.
The quasit barely misses you. The quasit claws you.
You feel clumsy. The quasit barely misses you.
The quasit claws you but does no damage.
The quasit barely misses you.
You sock the quasit!
The quasit is almost dead.
The quasit completely misses you.
The quasit claws you but does no damage. x2
The quasit bites you but does no damage.
The quasit barely misses you. x2
You miss the quasit.
The quasit is almost dead.
The quasit bites you but does no damage.
The quasit completely misses you. The quasit closely misses you.
You completely miss the quasit.
The quasit is almost dead.
The quasit bites you.
You feel clumsy. The quasit closely misses you.
The quasit claws you but does no damage.
The quasit closely misses you. x2
The quasit claws you but does no damage.
You miss the quasit.
The quasit is almost dead.
The quasit bites you.
The quasit claws you but does no damage.
The quasit closely misses you.
You barely miss the quasit.
The quasit is almost dead.
The quasit bites you but does no damage.
The quasit claws you but does no damage.
The quasit closely misses you. The quasit barely misses you.
The quasit claws you but does no damage.
The quasit barely misses you.
You sock the quasit!
You kill the quasit!
Trog accepts your kill.
You feel your dexterity returning.
You have reached level 5!
You feel stronger.
HP restored.
Found a book of Vapours.
Found a stone staircase leading down.
A goblin comes into view. It is wielding a +0 dagger.
Found a stone staircase leading down.
The goblin shouts!
An endoplasm comes into view.
Found a scroll labelled BOCEIGE RABB.
The endoplasm quivers.
Found a bubbling pink potion.
The goblin barely misses you.
You closely miss the goblin. The goblin hits you but does no damage.
You hit the goblin.
You kill the goblin!
Trog accepts your kill.
The endoplasm hits you but does no damage.
Things that are here:
a +0 dagger; a goblin corpse You barely miss the endoplasm.
The endoplasm completely misses you.
You hit the endoplasm but do no damage. The endoplasm closely misses you.
The endoplasm hits you.
You hit the endoplasm.
The endoplasm is heavily wounded.
The endoplasm hits you.
You hit the endoplasm but do no damage.
The endoplasm is heavily wounded.
The endoplasm freezes you.
You are frozen.
You resist.
You sock the endoplasm!
You kill the endoplasm!
Trog accepts your kill.
No target in view!
w - a scroll labelled BOCEIGE RABB
x - a bubbling pink potion A quokka comes into view.
You barely miss the quokka. The quokka closely misses you.
The quokka bites you but does no damage.
You hit the quokka.
You kill the quokka!
Trog accepts your kill.
No target in view!
No target in view!
Found 9 stones.
An iguana comes into view.
The iguana hisses angrily.
You sock the iguana!
The iguana is heavily wounded.
The iguana bites you.
You thump the iguana!
You kill the iguana!
Trog accepts your kill.
You feel better.
You feel your dexterity returning.
No target in view!
You see here 9 stones.
A hound comes into view.
You see here 18 gold pieces.
The hound completely misses you.
You miss the hound.
The hound bites you but does no damage. x2
You barely miss the hound. The hound bites you but does no damage.
You barely miss the hound.
The hound bites you but does no damage. x2
You barely miss the hound. The hound closely misses you. x2
You miss the hound. The hound bites you.
The hound bites you but does no damage.
You hit the hound but do no damage. The hound bites you.
You hit the hound.
The hound is moderately wounded.
The hound barely misses you. The hound bites you but does no damage.
You hit the hound.
The hound is severely wounded.
The hound closely misses you. The hound bites you but does no damage.
You sock the hound!
You kill the hound!
Trog accepts your kill.
No target in view!
A dart slug comes into view.
A dart slug is nearby!
An orc priest comes into view. It is wielding a +0 short sword.
The orc priest shouts!
You hear a shout!
An orc wizard comes into view. It is wielding a +0 dagger.
An orc comes into view. It is wielding a +0 trident.
An orc priest comes into view. It is wielding a +0 flail.
Found 5 stones.
The orc wizard shouts!
The orc priest shouts!
The orc shouts!
The orc priest mumbles some strange prayers to Beogh against you.
Beogh smites you!
A scorpion comes into view.
The dart slug closely misses you.
You hit the dart slug.
The dart slug is severely wounded.
The dart slug launches a dart at you.
The slug dart hits you but does no damage.
An orc comes into view. It is wielding a +0 short sword.
The orc priest looks encouraged for a moment.
The dart slug launches a dart at you. The slug dart hits you.
The orc priest invokes the aid of Beogh against you.
Beogh smites you!
You see here a hound corpse.
The dart slug launches a dart at you. The slug dart misses you.
The orc wizard gestures at you while chanting.
You resist with some effort. The dart slug launches a dart at you.
The slug dart misses you.
You see here 18 gold pieces.
The orc priest looks braver for a moment.
The orc priest begins to cast a cantrip, but forgets the words!
The orc wizard gestures at you while chanting.
You are confused.
Something stings the demonic plant.
The demonic plant begins to die.
You bump into the rock wall.
You bump into the rock wall.
You feel less confused.
The orc wizard points at you and mumbles some strange words.
The magic dart hits you.
The orc priest miscasts a cantrip.
Found an inky potion.
Your skin crawls.
You feel strong-willed.
The orc wizard gestures wildly while chanting.
The orc wizard flickers and vanishes!
Deactivating autopickup; reactivate with Ctrl-A.
There is a stone staircase leading down here.
You climb downwards.
Reactivating autopickup.
There is a stone staircase leading up here.
You start resting.
You feel the effects of Trog's Hand fading.
You start resting.
Your skin stops crawling.
You feel less strong-willed.
You start resting.
HP restored.
You open the door.
A gnoll comes into view. It is wielding a +0 club.
The gnoll shouts!
The gnoll moves out of view.
A gnoll comes into view. It is wielding a +0 flail.
The gnoll shouts!
A gnoll comes into view. It is wielding a +0 halberd.
The gnoll shouts!
The gnoll completely misses you.
You sock the gnoll!
The gnoll is severely wounded.
The gnoll hits you with a +0 flail!
You hit the gnoll but do no damage.
The gnoll is severely wounded.
The gnoll barely misses you.
You hit the gnoll.
You kill the gnoll!
Trog accepts your kill.
You hit the gnoll.
The gnoll is lightly wounded.
The gnoll hits you but does no damage.
You hit the gnoll but do no damage.
The gnoll is lightly wounded.
The gnoll barely misses you. The gnoll hits you but does no damage.
You hit the gnoll.
The gnoll is lightly wounded.
The gnoll hits you from afar with a +0 halberd.
The gnoll hits you but does no damage. The gnoll closely misses you.
The gnoll hits you from afar with a +0 halberd!
You sock the gnoll!
The gnoll is almost dead.
The gnoll hits you from afar with a +0 halberd.
The gnoll closely misses you.
You hit the gnoll.
You kill the gnoll!
Trog accepts your kill.
You feel better. The gnoll hits you but does no damage. The gnoll misses you.
Things that are here:
a +0 club; a +0 flail You completely miss the gnoll.
The gnoll hits you with a +0 halberd.
You thump the gnoll!
The gnoll is severely wounded.
The gnoll barely misses you.
You barely miss the gnoll.
The gnoll is severely wounded.
The gnoll hits you with a +0 halberd!
You are too injured to fight recklessly!
You are too injured to fight recklessly!
You are too injured to fight recklessly!
You barely miss the gnoll.
The gnoll is severely wounded.
The gnoll hits you with a +0 halberd.
* * * LOW HITPOINT WARNING * * *
The gnoll barely misses you.
You sock the gnoll!
You kill the gnoll!
Trog accepts your kill.
You feel better.
Your Maces & Flails skill increases to level 5!
y - a throwing net
Things that are here:
a +0 halberd; a gnoll corpse
Things that are here:
a +0 club; a +0 flail You start resting.
HP restored.
Things that are here:
a +0 club; a +0 flail
Things that are here:
a +0 halberd; a gnoll corpse You open the door.
There is an open door here.
Found a rapier.
You see here a +0 rapier.
You open the door.
A dart slug comes into view.
Found a leather armour.
The dart slug launches a dart at you. The slug dart misses you.
There is an open door here.
The dart slug launches a dart at you.
The slug dart hits you but does no damage.
The dart slug completely misses you.
You sock the dart slug!
The dart slug is almost dead.
You sock the dart slug!
You kill the dart slug!
Trog accepts your kill.
No target in view!
Found a stone staircase leading down.
There is a stone staircase leading down here.
Found a shadowy altar of Dithmenos.
An ogre comes into view. It is wielding a +0 giant spiked club.
The ogre shouts!
Unknown command.
Throw: 16 darts (poison)
Press: ? - help, Q - select action, (/) - cycle Shift-Dir - straight line, f - ogre
Aim: an ogre, wielding a +0 giant spiked club (73% to hit)
You throw a poisoned dart.
The poisoned dart barely misses the ogre.
Unknown command.
Throw: 15 darts (poison)
Press: ? - help, Q - select action, (/) - cycle Shift-Dir - straight line, f/p - ogre
Aim: an ogre, wielding a +0 giant spiked club (73% to hit)
You throw a poisoned dart.
The poisoned dart barely misses the ogre.
Unknown command.
Throw: 14 darts (poison)
Press: ? - help, Q - select action, (/) - cycle Shift-Dir - straight line, f/p - ogre
Aim: an ogre, wielding a +0 giant spiked club (73% to hit)
You throw a poisoned dart. The poisoned dart hits the ogre.
Unknown command.
Throw: 13 darts (poison)
Press: ? - help, Q - select action, (/) - cycle Shift-Dir - straight line, f/p - ogre
Aim: an ogre, wielding a +0 giant spiked club (73% to hit)
You throw a poisoned dart. The poisoned dart hits the ogre.
The ogre is poisoned.
Unknown command.
Throw: 12 darts (poison)
Press: ? - help, Q - select action, (/) - cycle Shift-Dir - straight line, f/p - ogre
Aim: an ogre, wielding a +0 giant spiked club (lightly wounded, poisoned, 73% to hit)
You throw a poisoned dart. The poisoned dart hits the ogre.
The ogre looks even sicker.
The ogre is lightly wounded.
You sock the ogre!
The ogre is moderately wounded.
The ogre barely misses you.
You thump the ogre!
The ogre is almost dead.
The ogre hits you with a +0 giant spiked club!
You barely miss the ogre.
The ogre is severely wounded.
The ogre hits you with a +0 giant spiked club!!
You hit the ogre.
You kill the ogre!
Trog accepts your kill.
Your Fighting skill increases to level 5!
You have reached level 6!
You see here a +0 giant spiked club.
j - 12 poisoned darts (gained 1)
j - 13 poisoned darts (gained 1)
j - 14 poisoned darts (gained 1)
j - 16 poisoned darts (gained 2)
Found a stone staircase leading down.
z - a glowing amethyst potion
There is a stone staircase leading down here.
A scorpion comes into view.
You barely miss the scorpion. The scorpion stings you.
You barely miss the scorpion.
The scorpion stings you but does no damage. x2
You hit the scorpion.
The scorpion is moderately wounded.
The scorpion barely misses you.
You hit the scorpion.
The scorpion is heavily wounded.
The scorpion stings you but does no damage.
You hit the scorpion.
The scorpion is heavily wounded.
The scorpion stings you but does no damage.
The scorpion barely misses you.
You thump the scorpion!
You kill the scorpion!
Trog accepts your kill.
No target in view!
c - 4 smoky orange potions (gained 1)
Found a ring mail.
You open the door.
A white imp comes into view.
The white imp shouts!
There is an open door here.
The white imp gestures at you. The puff of frost misses you.
You hit the white imp.
The white imp is lightly wounded.
The white imp barely misses you. The white imp hits you.
The white imp freezes you. You resist.
You barely miss the white imp.
The white imp is lightly wounded.
The white imp puffs mist at you. The white imp misses you.
You closely miss the white imp.
The white imp is lightly wounded.
The white imp hits you but does no damage.
You barely miss the white imp.
The white imp is lightly wounded.
The white imp gestures at you.
The puff of frost hits you but does no damage.
You hit the white imp but do no damage.
The white imp is lightly wounded.
The white imp hits you. The white imp freezes you. You resist.
You closely miss the white imp.
The white imp is lightly wounded.
The white imp gestures at you. The puff of frost hits you. You resist.
You sock the white imp!
You kill the white imp!
Trog accepts your kill.
No target in view!
You open the door.
There is an open door here.
There is an open door here.
You open the door.
There is an open door here.
A worm comes into view.
Found a stone staircase leading down.
You thump the worm!
The worm is severely wounded.
The worm bites you.
You barely miss the worm.
The worm is severely wounded.
The worm bites you but does no damage.
You hit the worm.
The worm is almost dead.
You sock the worm!
You kill the worm!
Trog accepts your kill.
You feel better.
No target in view!
A - a scroll labelled HUPTOT UVACVO
There is a stone staircase leading down here.
An orc comes into view. It is wielding a +0 hand axe.
You see here a scroll labelled MECWAL NONYONN.
The orc completely misses you.
You hit the orc but do no damage. The orc closely misses you.
You barely miss the orc. The orc hits you but does no damage.
You sock the orc!
You kill the orc!
Trog accepts your kill.
No target in view!
B - a scroll labelled MECWAL NONYONN You see here a +0 hand axe.
An orc wizard and 2 orcs come into view.
The orc wizard shouts!
You barely miss the orc wizard.
The orc wizard hits you with a +0 dagger.
Your skin crawls.
You feel strong-willed.
The orc wizard gestures wildly while chanting.
The orc wizard flickers and vanishes!
Deactivating autopickup; reactivate with Ctrl-A.
You closely miss something. You sock the orc!
You kill the orc!
Trog accepts your kill. Something hits you but does no damage.
Something hits you but does no damage.
You feel the effects of Trog's Hand fading.
You hear some strange, mumbled words.
A puff of flame appears from out of thin air!
The puff of flame hits you.
You see here a +0 hand axe.
Something hits you but does no damage.
You sock something! Something hits you.
You barely miss something. Something hits you but does no damage.
You miss something.
Your skin stops crawling.
You feel less strong-willed. Something hits you but does no damage.
You barely miss something. Something hits you but does no damage.
You barely miss something. Something hits you but does no damage.
You hit something. Something hits you but does no damage.
You barely miss something. Something hits you.
You miss something.
Something hits you but does no damage. x2
You miss something. Something completely misses you.
You closely miss something. Something hits you but does no damage.
You barely miss something. Something hits you but does no damage.
You hit something but do no damage.
You hear some strange, mumbled words.
A magic dart appears from out of thin air!
The magic dart hits you.
You miss something. Something hits you but does no damage.
You hit something. Trog accepts your kill.
Trog appreciates your killing of a magic user.
Reactivating autopickup.
You feel a bit more experienced.
You hit the orc.
The orc is heavily wounded.
The orc hits you but does no damage.
You sock the orc!
You kill the orc!
Trog accepts your kill.
You feel better.
Things that are here:
a +0 club; a +0 dagger; a +0 robe You see here a +0 flail.
C - a +0 flail You drop a +0 mace.
You are now empty-clawed.
You drop a +0 quarterstaff.
Adjust to which letter? (? for menu, Esc to quit)
a - a +0 flail
a - a +0 flail (weapon)
You open the door.
There is an open door here.
You open the door.
There is an open door here.
You open the door.
There is an open door here.
As you open the door, it creaks loudly!
Found a scroll labelled BOCEIGE RABB.
Found an escape hatch in the ceiling.
There is an open door here.
w - 2 scrolls labelled BOCEIGE RABB (gained 1)
You open the door.
There is an open door here.
Found an escape hatch in the floor.
Found a stone staircase leading up.
Found 5 stones.
You see here 5 stones.
Found a stone staircase leading up.
Found a whip.
There is a stone staircase leading up here.
You open the door.
There is an open door here.
There is an open door here.
You open the door.
There is an open door here.
You open the door.
There is an open door here.
You open the door.
There is an open door here.
You open the door.
There is an open door here.
An ufetubus comes into view.
The ufetubus misses you.
The ufetubus hits you but does no damage.
The ufetubus completely misses you. The ufetubus closely misses you.
You closely miss the ufetubus.
The ufetubus hits you but does no damage.
The ufetubus barely misses you. x2
The ufetubus hits you but does no damage.
You miss the ufetubus. The ufetubus barely misses you. The ufetubus hits you.
You closely miss the ufetubus.
The ufetubus hits you but does no damage.
The ufetubus barely misses you.
The ufetubus hits you but does no damage.
The ufetubus closely misses you.
You miss the ufetubus. The ufetubus barely misses you. The ufetubus hits you.
The ufetubus hits you but does no damage. x2
You miss the ufetubus.
The ufetubus hits you but does no damage. x2
You barely miss the ufetubus. The ufetubus misses you.
The ufetubus closely misses you. The ufetubus misses you.
The ufetubus barely misses you.
You barely miss the ufetubus. The ufetubus closely misses you.
The ufetubus hits you but does no damage.
The ufetubus barely misses you. The ufetubus misses you.
You hit the ufetubus.
The ufetubus is moderately wounded.
The ufetubus misses you.
The ufetubus hits you but does no damage.
You sock the ufetubus!
You kill the ufetubus!
Trog accepts your kill.
No target in view!
There is an open door here.
There is an open door here.
There is an open door here.
There is an open door here.
There is an open door here.
There is an open door here.
There is an open door here.
You open the door.
There is an open door here.
There is a shadowy altar of Dithmenos here.
There is an open door here.
There is an open door here.
There is an open door here.
Done exploring.
Done exploring.
There is an open door here.
There is a stone staircase leading up here.
You climb upwards.
The kobold shouts!
An orc comes into view. It is wielding a +0 flail.
Found a scroll labelled HUPTOT UVACVO.
Found an escape hatch in the floor.
There is a stone staircase leading down here.
The orc shouts!
You hit the orc.
The orc is moderately wounded.
The orc hits you with a +0 flail!
The kobold throws a stone.
The stone barely misses you.
You barely miss the orc.
The orc is moderately wounded.
The orc hits you but does no damage.
The kobold throws a stone.
The stone closely misses you.
You barely miss the orc.
The orc is moderately wounded.
The orc hits you but does no damage.
You barely miss the orc.
The orc is moderately wounded.
The orc hits you with a +0 flail.
You closely miss the orc.
The orc is moderately wounded.
The orc barely misses you. The kobold hits you but does no damage.
You barely miss the orc.
The orc is moderately wounded.
The orc completely misses you. The kobold hits you but does no damage.
You sock the orc!
You kill the orc!
Trog accepts your kill.
You feel better. The kobold barely misses you.
You sock the kobold!
You kill the kobold!
Trog accepts your kill.
You feel better.
No target in view!
Found a stone staircase leading up.
A - 2 scrolls labelled HUPTOT UVACVO (gained 1)
A phantom comes into view.
You see here a +0 flail.
There is a stone staircase leading down here.
You climb downwards.
There is a stone staircase leading up here.
Okay, then.
Unknown command.
You start removing your amulet.
You continue taking off your amulet of the acrobat. x4
You finish taking off your amulet of the acrobat.
You start putting on your amulet.
You continue putting on your amulet of reflection. x5
You finish putting on your amulet of reflection.
You feel a shielding aura gather around you.
t - an amulet of reflection (around neck)
You climb upwards.
There is a stone staircase leading down here.
You thump the phantom!
The phantom is moderately damaged.
The phantom barely misses you.
You completely miss the phantom.
The phantom is moderately damaged.
The phantom hits you.
The phantom blinks!
You blink.
You hit the phantom but do no damage.
The phantom is moderately damaged.
You block the phantom's attack.
You hit the phantom but do no damage.
The phantom is moderately damaged.
You block the phantom's attack.
You miss the phantom.
The phantom is lightly damaged.
You block the phantom's attack.
You barely miss the phantom.
The phantom is lightly damaged.
The phantom hits you.
The phantom hits you but does no damage.
You sock the phantom!
The phantom is heavily damaged.
You block the phantom's attack.
You hit the phantom.
The phantom is severely damaged.
The phantom hits you but does no damage.
You hit the phantom but do no damage.
The phantom is severely damaged.
The phantom barely misses you.
You thump the phantom!
You destroy the phantom!
Trog accepts your kill.
Your Maces & Flails skill increases to level 6!
You have reached level 7!
HP restored.
A kobold comes into view.
It is wielding a +0 whip and quivering poisoned darts.
The kobold shouts!
The kobold throws a poisoned dart.
You block the poisoned dart with an invisible shield... and reflect it back!
The poisoned dart closely misses the kobold.
The kobold throws a poisoned dart.
The poisoned dart hits you!
There is a stone staircase leading up here.
The kobold hits you with a +0 whip.
You hit the kobold but do no damage. The kobold closely misses you.
You completely miss the kobold. The kobold closely misses you.
A dart slug comes into view.
You barely miss the kobold. The kobold hits you but does no damage.
You hit the kobold.
The kobold is heavily wounded.
The kobold hits you but does no damage.
You closely miss the kobold.
The kobold is heavily wounded.
The kobold barely misses you.
You sock the kobold!
You kill the kobold!
Trog accepts your kill.
You feel better. The dart slug closely misses you.
You hit the dart slug but do no damage. You thump the dart slug!
You kill the dart slug!
Trog accepts your kill.
No target in view!
j - 23 poisoned darts (gained 7)
Things that are here:
a +0 whip; a kobold corpse
b - a clear potion
Found an escape hatch in the ceiling.
Found a dagger.
The scorpion stings you but does no damage.
You closely miss the scorpion. Your claw misses the scorpion.
The scorpion stings you but does no damage.
You closely miss the scorpion.
The scorpion stings you but does no damage.
You hit the scorpion.
The scorpion is lightly wounded.
The scorpion stings you but does no damage.
You closely miss the scorpion.
The scorpion is lightly wounded.
The scorpion stings you. The scorpion closely misses you.
You closely miss the scorpion.
The scorpion is lightly wounded.
You block the scorpion's attack.
You closely miss the scorpion.
The scorpion is lightly wounded.
The scorpion closely misses you.
You hit the scorpion.
The scorpion is lightly wounded.
The scorpion stings you but does no damage.
The scorpion barely misses you.
You hit the scorpion.
The scorpion is moderately wounded.
You block the scorpion's attack.
You hit the scorpion.
The scorpion is heavily wounded.
The scorpion misses you.
You hit the scorpion.
The scorpion is heavily wounded.
The scorpion closely misses you. The scorpion stings you.
You closely miss the scorpion.
The scorpion is heavily wounded.
You block the scorpion's attack.
You hit the scorpion.
The scorpion is almost dead.
The scorpion stings you. You block the scorpion's attack.
You sock the scorpion!
You kill the scorpion!
Trog accepts your kill.
No target in view!
j - 27 poisoned darts (gained 4)
You see here a +0 dagger.
The orc priest shouts!
You start waiting.
An orc priest is nearby!
The orc wizard shouts!
You hear a shout!
You sock the orc priest!
The orc priest is severely wounded.
The orc priest hits you with a +0 short sword.
An adder comes into view.
You closely miss the orc priest.
The orc priest is severely wounded.
The adder hisses angrily.
You hear a shout!
You block the orc priest's attack.
You thump the orc priest!
You kill the orc priest!
Trog accepts your kill.
You feel better.
The orc shouts! x2
The adder misses you. The adder bites you but does no damage.
Your skin crawls.
You feel strong-willed.
The orc wizard hits you with a +0 dagger.
You block the orc's attack. The adder barely misses you.
You closely miss the orc wizard. The adder bites you but does no damage.
The orc wizard closely misses you.
The orc hits you from afar with a +0 trident.
You thump the orc wizard!
The orc wizard is heavily wounded.
The adder bites you but does no damage. The orc wizard barely misses you.
You block the orc's attack. The adder barely misses you.
You hit the orc priest but do no damage.
The orc wizard hits you but does no damage.
The orc priest calls upon Beogh to heal the orc wizard.
The orc wizard is healed somewhat.
The orc hits you but does no damage. The adder bites you but does no damage.
The orc priest hits you but does no damage.
The orc hits you from afar with a +0 trident.
The orc wizard hits you with a +0 dagger.
You hit the orc priest but do no damage.
The adder bites you but does no damage. The adder barely misses you.
The orc wizard hits you but does no damage.
The orc priest hits you but does no damage.
The orc hits you from afar with a +0 trident.
You hit the orc priest but do no damage.
You block the adder's attack. The orc barely misses you.
The orc priest hits you but does no damage.
The orc wizard gestures wildly while chanting.
The orc wizard flickers and vanishes!
Deactivating autopickup; reactivate with Ctrl-A.
You hit the orc priest but do no damage.
The adder barely misses you. The orc hits you but does no damage.
The orc priest hits you with a +0 flail.
Something hits you but does no damage. The adder closely misses you.
You closely miss the orc priest.
You feel the effects of Trog's Hand fading.
The adder bites you but does no damage. Something hits you but does no damage.
You block the orc's attack.
The orc priest calls down the wrath of Beogh upon you.
Beogh smites you!
You hit the orc priest but do no damage.
The adder bites you but does no damage. Something hits you but does no damage.
You block the orc's attack. The orc priest closely misses you.
The adder closely misses you.
You barely miss the orc priest. Something hits you but does no damage.
The orc hits you but does no damage. The orc priest closely misses you.
The adder barely misses you.
You thump the orc priest!
The orc priest is heavily wounded.
You block the adder's attack.
You hear some strange, mumbled words.
A magic dart appears from out of thin air!
The magic dart hits you.
The orc priest calls down the wrath of Beogh upon you.
Beogh smites you! The orc hits you but does no damage.
You barely miss the orc priest.
The orc priest is heavily wounded.
Your skin stops crawling.
You feel less strong-willed. The adder closely misses you.
Something hits you but does no damage.
The orc priest hits you with a +0 flail.
The orc barely misses you. The adder bites you but does no damage.
You hit the orc priest. Your claw misses the orc priest.
The orc priest is almost dead.
Something hits you but does no damage.
The orc priest hits you but does no damage.
The orc misses you. The adder barely misses you.
Your skin crawls.
You feel strong-willed. Something hits you but does no damage.
You block the orc's attack.
The orc priest hits you but does no damage.
The adder bites you but does no damage.
You hit the orc priest but do no damage.
The orc priest is almost dead.
The adder barely misses you. Something hits you but does no damage.
The orc closely misses you.
The orc priest invokes the aid of Beogh against you.
Beogh smites you! You block the adder's attack.
You hit the orc priest but do no damage.
The orc priest is almost dead.
Something hits you. You block the orc priest's attack.
The orc hits you from afar with a +0 trident.
* * * LOW HITPOINT WARNING * * *
The adder barely misses you.
You hit the orc priest but do no damage.
The orc priest is almost dead.
You block something's attack.
The orc hits you from afar with a +0 trident.
* * * LOW HITPOINT WARNING * * *
The orc priest hits you with a +0 flail!
* * * LOW HITPOINT WARNING * * *
The adder completely misses you.
You hit the orc priest but do no damage.
The orc priest is severely wounded.
The adder bites you but does no damage. Something hits you.
* * * LOW HITPOINT WARNING * * *
You block the orc's attack. The orc priest barely misses you.
The adder bites you.
* * * LOW HITPOINT WARNING * * *
The orc priest invokes the aid of Beogh against you.
Beogh smites you!
You die...

Skill      XL: |  1  2  3  4  5  6 |
---------------+-------------------+-----
Maces & Flails | 3 4 5 6 |  6.3
Fighting       | 4 5 |  5.7
Armour         | |  1.7
Dodging        | |  1.7

Action                     |  1- 3 |  4- 6 |  7- 9 || total
---------------------------+-------+-------+-------++-------
  Melee: Mace              |    21 |       |       ||    21
         Punch             |     1 |       |       ||     1
         Quarterstaff      |    78 |   124 |       ||   202
         Flail             |       |    27 |    40 ||    67
  Throw: Dart              |       |     5 |       ||     5
 Invoke: Trog's Hand       |     2 |     2 |     2 ||     6
 Armour: Animal skin       |     5 |       |       ||     5
         Scale mail        |    36 |    83 |    36 ||   155
  Dodge: Dodged            |    53 |    99 |    31 ||   183
  Block: Other             |       |     4 |    17 ||    21
         Reflection        |       |       |     1 ||     1

Levels and vault maps discovered:
D:1:      minmay_arrival_glassed_features, layout_loops_ring, serial_shops,
          nicolae_shop_back_alley_shop, minmay_door_square
D:2:      layout_basic, minmay_crystal_room, uniq_crazy_yiuf_cottage,
          uniq_sigmund
D:3:      layout_rooms, mainiacjoe_overflow_catwalk, nicolae_hexahallways,
          chequers_serial_rivers_micro_e, patterned_corridor
D:4:      layout_cave_pools, fiery_altar_vehumet,
          minmay_temple_entry_statues_fountains, serial_demonic,
          serial_demonic_a, serial_demonic_e, serial_demonic_d, serial_demonic_b
D:5:      layout_basic, mainiacjoe_overflow_small_starburst

Notes
Turn   | Place    | Note
-------+----------+-------------------------------------------
     0 | D:1      | scionoferis the Ghoul Berserker began the quest for the
                  | Orb.
     0 | D:1      | Reached XP level 1. HP: 19/19 MP: 0/0
   161 | D:1      | Reached skill level 3 in Maces & Flails
   194 | D:1      | Reached XP level 2. HP: 26/26 MP: 1/1
   408 | D:1      | Found Allow's Jewellery Shop.
   997 | D:2      | Reached XP level 3. HP: 33/33 MP: 2/2
  1078 | D:2      | Reached ** piety under Trog
  1306 | D:2      | Noticed Sigmund
  1898 | D:3      | Reached skill level 4 in Fighting
  1898 | D:3      | Reached XP level 4. HP: 40/40 MP: 3/3
  1914 | D:3      | Identified the +4 dagger of Xiarphal {flame, rN+ Str-3
                  | Int+7}
  2025 | D:3      | Reached skill level 4 in Maces & Flails
  2047 | D:3      | Found an ancient bone altar of Kikubaaqudgha.
  2444 | D:4      | Found a staircase to the Ecumenical Temple.
  2482 | D:4      | Reached XP level 5. HP: 34/47 MP: 4/4
  2648 | D:5      | Entered Level 5 of the Dungeon
  2738 | D:5      | Reached skill level 5 in Maces & Flails
  2980 | D:5      | Found a shadowy altar of Dithmenos.
  3007 | D:5      | Noticed an ogre
  3016 | D:5      | Killed an ogre
  3017 | D:5      | Reached skill level 5 in Fighting
  3017 | D:5      | Reached XP level 6. HP: 21/56 MP: 5/5
  3909 | D:4      | Reached skill level 6 in Maces & Flails
  3909 | D:4      | Reached XP level 7. HP: 58/61 MP: 6/6
  4089 | D:4      | HP: 5/62 [adder (2)]
  4089 | D:4      | Killed from afar by an orc priest

Vanquished Creatures
  An ogre (D:5)
  A phantom (D:4)
  2 scorpions (D:5 D:4)
  A hound (D:4)
  A quasit (D:4)
  An orc priest (D:4)
  An iguana (D:4)
  An orc wizard (D:5)
  3 gnolls (D:5)
  2 adders (D:2)
  A shadow imp (D:4)
  2 white imps (D:4 D:5)
  An ufetubus (D:5)
  3 worms (D:3 D:4 D:5)
  5 dart slugs (D:1 D:2 D:4 D:5)
  4 orcs (D:5 D:4)
  6 endoplasms (D:2 D:3 D:4)
  4 giant cockroaches (D:1 D:2)
  7 goblins (D:1 D:2 D:3 D:4)
  2 hobgoblins (D:1 D:2)
  2 quokkas (D:3 D:4)
  6 ball pythons (D:1 D:2)
  2 bats (D:1)
  3 frilled lizards (D:2)
  8 kobolds (D:1 D:2 D:3 D:4)
  3 rats (D:1 D:2)
73 creatures vanquished.

Vanquished Creatures (others)
  A demonic plant (D:4)
1 creature vanquished.

Grand Total: 74 creatures vanquished

Table legend: (Time is in decaauts)
 A = Elapsed time spent in this place.
 B = Non-inter-level travel time spent in this place.
 C = Inter-level travel time spent in this place.
 D = Time resting spent in this place.
 E = Time spent auto-exploring this place.
 F = Levels seen in this place.
 G = Mean time per level.
                   A        B        C        D        E       F      G
               +--------+--------+--------+--------+--------+-----+--------+
         Total |   4138 |   4016 |    122 |    228 |   2881 |   5 |  827.6 |
       Dungeon |   4138 |   4016 |    122 |    228 |   2881 |   5 |  827.6 |
               +--------+--------+--------+--------+--------+-----+--------+

Top non-repeatable levels by time:
     D:5: 1218 daAuts
     D:2: 969 daAuts
     D:1: 826 daAuts
     D:3: 668 daAuts
     D:4: 455 daAuts

Table legend:
 A = Non-vault XP
 B = Vault XP
 C = Vault XP percentage of total XP
 D = Non-vault monster count
 E = Vault monster count
 F = Vault count percentage of total count
                 A         B        C        D         E       F
            +---------+---------+-------+---------+---------+-------
      Total |     747 |      66 |   8.1 |      70 |       3 |   4.1
            +---------+---------+-------+---------+---------+-------
        D:1 |      24 |       0 |   0.0 |      16 |       0 |   0.0
        D:2 |      49 |       0 |   0.0 |      15 |       0 |   0.0
        D:3 |      23 |       0 |   0.0 |      11 |       0 |   0.0
        D:4 |     331 |      66 |  16.6 |      15 |       3 |  16.7
        D:5 |     320 |       0 |   0.0 |      13 |       0 |   0.0
            +---------+---------+-------+---------+---------+-------
